[ AOE2 MATCH · #495827816 ]
UnrankedMongols vs Berbers
Player's team · WIN
Rival team · LOSS
[ REPLAY ANALYSIS · EXTRACTED FROM THE RECORDED GAME ]
Feudal
10:05
Castle
18:02
Imperial
—
| APM avg | 64.0 |
| APM peak | 118 |
| eAPM avg | 37.3 |
| Villagers / military | 47 / 10 |
Focus
⚔️ 55.2% · 🌾 44.8%
Militia ×5 · Steppe Lancer ×4 · Monk ×1
Feudal
12:10
Castle
18:59
Imperial
—
| APM avg | 44.3 |
| APM peak | 97 |
| eAPM avg | 21.6 |
| Villagers / military | 47 / 20 |
Focus
⚔️ 41.4% · 🌾 58.6%
Archer ×13 · Camel Archer ×7
Match map
Initial resources + every placement click. Lines = walls · curves = elevation contours. ◆ gold · ⬟ stone · ● berries · ✦ relic · ◌ wall gap
Your base· Open — unwalled flank
Pato Lucas's base· Open — 4t gap
Smoothed initial terrain · ◌ = detected wall gap · hover for details
Inputs per minute
— Oni.Vinchester - - Pato Lucas
Build order — Oni.Vinchester
123 actions detected in the replay
| 0:00 | Create | Villager (Male) |
| 0:02 | Build | House |
| 0:04 | Build | House |
| 0:08 | Create | Villager (Male) |
| 0:09 | Create | Villager (Male) |
| 0:09 | Create | Villager (Male) |
| 1:26 | Create | Villager (Male) |
| 1:26 | Create | Villager (Male) |
| 1:55 | Create | Villager (Male) |
| 2:02 | Build | Lumber Camp |
| 2:21 | Create | Villager (Male) |
| 2:53 | Create | Villager (Male) |
| 2:58 | Create | Villager (Male) |
| 3:20 | Build | House |
| 3:29 | Create | Villager (Male) |
| 3:52 | Build | House |
| 4:01 | Create | Villager (Male) |
| 4:32 | Create | Villager (Male) |
| 4:37 | Build | Barracks |
| 4:48 | Create | Villager (Male) |
| 5:00 | Build | House |
| 5:09 | Create | Villager (Male) |
| 5:30 | Create | Villager (Male) |
| 5:35 | Create | Militia |
| 5:35 | Create | Militia |
| 5:44 | Build | House |
| 5:58 | Create | Villager (Male) |
| 6:17 | Create | Villager (Male) |
| 6:30 | Build | Mill |
| 6:49 | Create | Villager (Male) |
| 6:49 | Research | Loom |
| 7:36 | Build | Mining Camp |
| 7:45 | Research | Feudal Age |
| 8:22 | Build | Mill |
| 8:24 | Create | Militia |
| 8:42 | Create | Militia |
| 9:00 | Create | Militia |
| 9:33 | Create | Villager (Male) |
| 9:36 | Build | House |
| 10:02 | Build | House |
| 10:05 | Age | Feudal Age |
| 10:06 | Research | Arson |
| 10:07 | Research | Double-Bit Axe |
| 10:07 | Create | Villager (Male) |
| 10:10 | Build | Blacksmith |
| 10:21 | Research | Horse Collar |
| 10:33 | Build | House |
| 10:47 | Build | Farm |
| 10:47 | Create | Villager (Male) |
| 10:53 | Research | Man-at-Arms (upgrade) |
| 10:53 | Research | Man-at-Arms (upgrade) |
| 11:13 | Build | Palisade Wall |
| 11:17 | Create | Villager (Male) |
| 11:18 | Build | Farm |
| 11:40 | Research | Forging |
| 11:50 | Create | Villager (Male) |
| 11:50 | Create | Villager (Male) |
| 11:52 | Build | Farm |
| 11:53 | Build | Farm |
| 12:14 | Build | Farm |
| 12:22 | Create | Villager (Male) |
| 12:33 | Create | Villager (Male) |
| 12:43 | Create | Villager (Male) |
| 12:44 | Build | Farm |
| 13:07 | Create | Villager (Male) |
| 13:11 | Build | Farm |
| 13:14 | Create | Villager (Male) |
| 13:16 | Build | Farm |
| 13:38 | Build | Farm |
| 14:08 | Build | Market |
| 14:28 | Create | Villager (Male) |
| 14:33 | Build | Farm |
| 14:35 | Build | Farm |
| 14:40 | Build | Palisade Wall |
| 14:44 | Build | Palisade Wall |
| 14:52 | Create | Villager (Male) |
| 14:56 | Build | House |
| 14:57 | Build | House |
| 15:03 | Build | Palisade Wall |
| 15:12 | Create | Villager (Male) |
| 15:22 | Research | Castle Age |
| 15:53 | Build | Stable |
| 15:57 | Research | Gold Mining |
| 16:07 | Build | House |
| 16:21 | Build | Lumber Camp |
| 16:31 | Build | House |
| 16:36 | Research | Scale Barding Armor |
| 16:58 | Research | Bloodlines |
| 17:01 | Build | House |
| 17:12 | Build | House |
| 17:13 | Build | House |
| 17:19 | Build | Stable |
| 17:55 | Build | House |
| 18:02 | Age | Castle Age |
| 18:04 | Create | Steppe Lancer |
| 18:05 | Create | Steppe Lancer |
| 18:06 | Create | Villager (Male) |
| 18:08 | Build | Monastery |
| 18:17 | Create | Villager (Male) |
| 18:18 | Create | Steppe Lancer |
| 18:38 | Create | Steppe Lancer |
| 18:48 | Build | Farm |
| 18:52 | Build | Farm |
| 18:55 | Create | Villager (Male) |
| 18:57 | Build | Farm |
| 19:13 | Create | Villager (Male) |
| 19:25 | Create | Villager (Male) |
| 19:35 | Create | Villager (Male) |
| 20:00 | Create | Villager (Male) |
| 20:03 | Create | Monk |
| 20:10 | Build | Town Center |
| 20:15 | Create | Villager (Male) |
| 20:32 | Create | Villager (Male) |
| 20:35 | Create | Villager (Male) |
| 20:42 | Build | Town Center |
| 20:46 | Create | Villager (Male) |
| 20:48 | Build | House |
| 20:49 | Build | House |
| 20:50 | Build | House |
| 20:56 | Research | Wheelbarrow |
| 21:27 | Create | Villager (Male) |
| 21:30 | Create | Villager (Male) |
| 21:30 | Create | Villager (Male) |
Build order — Pato Lucas
136 actions detected in the replay
| 0:00 | Create | Villager (Male) |
| 0:00 | Create | Villager (Male) |
| 0:01 | Create | Villager (Male) |
| 0:01 | Create | Villager (Male) |
| 0:03 | Build | House |
| 0:04 | Build | House |
| 1:27 | Create | Villager (Male) |
| 1:48 | Create | Villager (Male) |
| 2:23 | Build | Lumber Camp |
| 2:25 | Create | Villager (Male) |
| 2:25 | Create | Villager (Male) |
| 2:30 | Create | Villager (Male) |
| 2:59 | Create | Villager (Male) |
| 3:12 | Create | Villager (Male) |
| 3:54 | Create | Villager (Male) |
| 3:56 | Create | Villager (Male) |
| 4:08 | Build | House |
| 4:19 | Create | Villager (Male) |
| 4:40 | Create | Villager (Male) |
| 5:11 | Create | Villager (Male) |
| 5:14 | Build | Palisade Gate |
| 5:16 | Build | Palisade Wall |
| 5:42 | Create | Villager (Male) |
| 5:45 | Build | Mill |
| 5:46 | Create | Villager (Male) |
| 5:46 | Create | Villager (Male) |
| 5:56 | Build | House |
| 5:56 | Create | Villager (Male) |
| 6:07 | Build | House |
| 6:21 | Build | Palisade Wall |
| 6:25 | Create | Villager (Male) |
| 6:25 | Create | Villager (Male) |
| 6:33 | Build | Palisade Wall |
| 6:41 | Create | Villager (Male) |
| 6:56 | Build | House |
| 6:58 | Build | Palisade Wall |
| 7:11 | Build | Palisade Wall |
| 7:13 | Build | Palisade Wall |
| 7:14 | Build | Palisade Wall |
| 7:16 | Build | Palisade Wall |
| 7:16 | Create | Villager (Male) |
| 7:17 | Create | Villager (Male) |
| 7:22 | Create | Villager (Male) |
| 7:46 | Build | Farm |
| 7:48 | Create | Villager (Male) |
| 8:08 | Build | Farm |
| 8:34 | Build | Mining Camp |
| 8:40 | Create | Villager (Male) |
| 8:57 | Build | Farm |
| 9:06 | Research | Loom |
| 9:21 | Build | Farm |
| 9:48 | Research | Feudal Age |
| 10:34 | Build | Barracks |
| 11:22 | Create | Villager (Male) |
| 11:22 | Create | Villager (Male) |
| 11:37 | Build | Palisade Wall |
| 11:39 | Build | Palisade Gate |
| 11:46 | Build | House |
| 12:05 | Create | Villager (Male) |
| 12:10 | Age | Feudal Age |
| 12:11 | Build | House |
| 12:13 | Build | Archery Range |
| 12:17 | Create | Villager (Male) |
| 12:46 | Build | Palisade Gate |
| 12:48 | Create | Villager (Male) |
| 12:53 | Build | House |
| 12:56 | Create | Archer |
| 12:56 | Create | Archer |
| 12:56 | Create | Archer |
| 13:00 | Create | Villager (Male) |
| 13:15 | Build | Blacksmith |
| 13:16 | Create | Archer |
| 13:30 | Create | Villager (Male) |
| 13:49 | Build | Mill |
| 13:54 | Create | Villager (Male) |
| 14:00 | Build | House |
| 14:01 | Build | House |
| 14:14 | Research | Fletching |
| 14:14 | Create | Villager (Male) |
| 14:19 | Create | Archer |
| 14:21 | Build | Palisade Wall |
| 14:28 | Create | Archer |
| 14:30 | Create | Villager (Male) |
| 14:32 | Create | Villager (Male) |
| 14:39 | Build | Market |
| 14:40 | Create | Archer |
| 14:43 | Create | Villager (Male) |
| 14:53 | Create | Archer |
| 15:23 | Build | House |
| 15:25 | Create | Archer |
| 15:36 | Build | Mining Camp |
| 16:19 | Research | Castle Age |
| 16:37 | Build | House |
| 16:44 | Build | Farm |
| 16:48 | Research | Double-Bit Axe |
| 16:48 | Research | Double-Bit Axe |
| 16:51 | Create | Archer |
| 16:52 | Create | Archer |
| 17:04 | Build | Farm |
| 17:14 | Build | Palisade Wall |
| 17:33 | Build | Farm |
| 17:35 | Create | Villager (Male) |
| 17:36 | Create | Villager (Male) |
| 18:14 | Create | Archer |
| 18:15 | Create | Archer |
| 18:19 | Build | House |
| 18:59 | Age | Castle Age |
| 19:01 | Build | Castle |
| 19:04 | Build | House |
| 19:06 | Build | House |
| 19:07 | Build | Palisade Wall |
| 19:09 | Build | House |
| 19:10 | Build | Palisade Wall |
| 19:16 | Create | Villager (Male) |
| 19:16 | Create | Villager (Male) |
| 19:43 | Create | Villager (Male) |
| 19:44 | Build | Farm |
| 19:46 | Build | House |
| 19:48 | Build | House |
| 19:49 | Build | Palisade Wall |
| 19:50 | Build | Palisade Wall |
| 19:59 | Research | Bodkin Arrow |
| 20:24 | Build | Palisade Wall |
| 20:24 | Build | Palisade Wall |
| 20:37 | Create | Villager (Male) |
| 20:38 | Build | Farm |
| 20:50 | Build | Stable |
| 20:56 | Create | Camel Archer |
| 20:56 | Create | Camel Archer |
| 20:56 | Create | Camel Archer |
| 21:05 | Create | Villager (Male) |
| 21:07 | Create | Camel Archer |
| 21:24 | Create | Camel Archer |
| 21:34 | Build | House |
| 21:46 | Create | Camel Archer |
| 21:46 | Create | Camel Archer |
Match timeline
| 4:37 | Oni.Vinchester · first_building Barracks |
| 5:16 | Pato Lucas · wall_segment Palisade Wall x1 |
| 6:21 | Pato Lucas · wall_segment Palisade Wall x11 |
| 6:33 | Pato Lucas · wall_segment Palisade Wall x9 |
| 6:58 | Pato Lucas · wall_segment Palisade Wall x3 |
| 7:11 | Pato Lucas · wall_segment Palisade Wall x1 |
| 7:13 | Pato Lucas · wall_segment Palisade Wall x1 |
| 7:14 | Pato Lucas · wall_segment Palisade Wall x1 |
| 7:16 | Pato Lucas · wall_segment Palisade Wall x1 |
| 10:05 | Oni.Vinchester · age_up feudal |
| 10:34 | Pato Lucas · first_building Barracks |
| 11:13 | Oni.Vinchester · wall_segment Palisade Wall x3 |
| 11:37 | Pato Lucas · wall_segment Palisade Wall x1 |
| 12:10 | Pato Lucas · age_up feudal |
| 12:13 | Pato Lucas · first_building Archery Range |
| 14:21 | Pato Lucas · wall_segment Palisade Wall x1 |
| 14:40 | Oni.Vinchester · wall_segment Palisade Wall x1 |
| 14:44 | Oni.Vinchester · wall_segment Palisade Wall x1 |
| 15:03 | Oni.Vinchester · wall_segment Palisade Wall x1 |
| 15:15 | Oni.Vinchester · first_market_buy 100 food |
| 15:15 | Oni.Vinchester · first_market_sell 100 stone |
| 15:53 | Oni.Vinchester · first_building Stable |
| 15:59 | Pato Lucas · first_market_buy 100 food |
| 16:12 | Pato Lucas · first_market_sell 100 wood |
| 17:14 | Pato Lucas · wall_segment Palisade Wall x1 |
| 18:02 | Oni.Vinchester · age_up castle |
| 18:08 | Oni.Vinchester · first_building Monastery |
| 18:59 | Pato Lucas · age_up castle |
| 19:01 | Pato Lucas · first_building Castle |
| 19:07 | Pato Lucas · wall_segment Palisade Wall x1 |
| 19:10 | Pato Lucas · wall_segment Palisade Wall x1 |
| 19:49 | Pato Lucas · wall_segment Palisade Wall x3 |
| 19:50 | Pato Lucas · wall_segment Palisade Wall x2 |
| 20:24 | Pato Lucas · wall_segment Palisade Wall x1 |
| 20:24 | Pato Lucas · wall_segment Palisade Wall x1 |
| 20:50 | Pato Lucas · first_building Stable |
| 21:53 | Pato Lucas · resign |
[ AI ANALYSIS · 1 CREDIT ]
What really happened in this match?
Wolo.gg analyzes every decision: build order, eco, micro, common mistakes by bracket. Personalized analysis on WhatsApp or Discord in 30 seconds.
Civ guide
Mongols
Perfil
Jugador #271202